 Dungeon Crawl Stone Soup version 0.21-a0-591-g2314aa1 (webtiles) character file.

5241 M4edhros the Cudgeler (level 10, 0/65 HPs)
             Began as an Octopode Artificer on Dec 22, 2017.
             Was the Champion of Cheibriados.
             Slain by a troll (4 damage)
             ... on level 8 of the Dungeon.
             The game lasted 00:23:34 (3172 turns).

M4edhros the Cudgeler (Octopode Artificer)          Turns: 3172, Time: 00:23:35

Health: 0/65       AC:  1    Str: 26    XL:     10   Next: 62%
Magic:  11/15      EV: 19    Int: 29    God:    Cheibriados [******]
Gold:   213        SH:  0    Dex: 27    Spells: 0/14 levels left

rFire    x . .     SeeInvis .   B - +6 whip "Azxei" {vamp, rElec rPois rC+ Dex-4}
rCold    + + .     Gourm    .   (no shield)
rNeg     . . .     Faith    .   y - +0 hat
rPois    +         Spirit   .   t - amulet of regeneration
rElec    +         Reflect  .   m - +4 ring of slaying
rCorr    .         Harm     .   E - ring of stealth
MR       .....                  K - ring of ice
Stlth    +++++.....             (no ring)
HPRegen  0.60/turn              (no ring)
MPRegen  0.14/turn              (no ring)
                                (no ring)
                                (no ring)

@: very slightly contaminated, very slow
A: almost no armour, stealthy swim, amphibious, 8 rings, constrict 8, camouflage
1, gelatinous body 1
a: Bend Time, Temporal Distortion, Slouch, Step From Time, Renounce Religion


You were on level 8 of the Dungeon.
You worshipped Cheibriados.
Cheibriados was exalted by your worship.
You were very hungry.

You visited 2 branches of the dungeon, and saw 9 of its levels.
You also visited: Sewer.

You collected 473 gold pieces.
You spent 260 gold pieces at shops.

Inventory:

Hand Weapons
 a - a +0 short sword
 o - a +0 hunting sling
 w - a +1 dagger of venom
 B - the +6 whip "Azxei" (weapon) {vamp, rElec rPois rC+ Dex-4}
   (You found it on level 4 of the Dungeon)

   It inflicts no extra harm, but heals its wielder when it wounds a living foe.
   It affects your dexterity (-4).
   It protects you from cold.
   It insulates you from electricity.
   It protects you from poison.
 L - a +2 dagger of electrocution
Missiles
 p - 68 stones (quivered)
Armour
 y - a +0 hat (worn)
Jewellery
 m - a +4 ring of slaying (left tentacle)
 t - an amulet of regeneration (around mantle)
 E - a ring of stealth (right tentacle)
 K - a ring of ice (on tentacle)
Wands
 b - a wand of flame (4)
 c - a wand of enslavement (8)
 d - a wand of random effects (15)
 C - a wand of digging (10)
 F - a wand of polymorph (10)
Scrolls
 e - 6 scrolls of remove curse
 g - 3 scrolls of teleportation
 i - 2 scrolls of immolation
 k - 8 scrolls of identify
 l - a scroll of enchant armour {unknown}
 q - 2 scrolls of magic mapping {unknown}
 r - a scroll of enchant weapon {unknown}
 x - 2 scrolls of amnesia {unknown}
 H - 3 scrolls of fog {unknown}
 J - a scroll of blinking {unknown}
Potions
 j - 2 potions of resistance {unknown}
 n - a potion of heal wounds
 s - a potion of magic {unknown}
 v - a potion of lignification {unknown}
 z - 2 potions of agility {unknown}
 D - 2 potions of curing {unknown}
 G - 3 potions of brilliance {unknown}
 I - 3 potions of flight {unknown}
 N - a potion of haste {unknown}
Books
 h - a book of Minor Magic

   Spells                             Type                      Level
   a - Magic Dart                     Conjuration                  1
   b - Blink                          Translocation                2
   c - Call Imp                       Summoning                    2
   d - Slow                           Hexes                        2
   e - Conjure Flame                  Conjuration/Fire             3
   f - Mephitic Cloud                 Conjuration/Poison/Air       3
 u - a book of Annihilations

   Spells                             Type                      Level
   a - Poison Arrow                   Conjuration/Poison           6
   b - Chain Lightning                Conjuration/Air              8
   c - Lehudib's Crystal Spear        Conjuration/Earth            8
   d - Glaciate                       Conjuration/Ice              9
   e - Fire Storm                     Conjuration/Fire             9
 A - a book of Necromancy

   Spells                             Type                      Level
   a - Pain                           Necromancy                   1
   b - Animate Skeleton               Necromancy                   1
   c - Vampiric Draining              Necromancy                   3
   d - Regeneration                   Charms/Necromancy            3
   e - Animate Dead                   Necromancy                   4
   f - Control Undead                 Necromancy                   4
Comestibles
 f - 9 rations


   Skills:
 + Level 4.9 Fighting
 - Level 1.0 Short Blades
 * Level 7.3 Maces & Flails
 + Level 6.3 Dodging
 - Level 3.8 Stealth
 - Level 2.1 Unarmed Combat
 + Level 2.8 Spellcasting
 + Level 1.5 Conjurations
 - Level 2.5 Charms
 - Level 5.1 Necromancy
 + Level 1.6 Air Magic
 + Level 1.8 Poison Magic
 - Level 7.0 Invocations
 - Level 4.4 Evocations


You couldn't memorise any spells.
You knew the following spells:

 Your Spells              Type           Power        Failure   Level  Hunger
a - Regeneration          Chrm/Necr      ####......   4%          3    ###....
b - Animate Skeleton      Necr           N/A          1%          1    None
c - Mephitic Cloud        Conj/Pois/Air  ##......     12%         3    ###....
d - Conjure Flame         Conj/Fire      #.......     17%         3    ###....
e - Animate Dead          Necr           N/A          10%         4    ####...


Dungeon Overview and Level Annotations

Branches:
Dungeon (8/15)             Temple (1/1) D:4            Lair (0/6) D:8

Altars:
Ashenzari
Cheibriados
Dithmenos
Elyvilon
Fedhas
Gozag
Hepliaklqana
Kikubaaqudgha
Nemelex Xobeh
Okawaru
Qazlal
Ru
Trog
Uskayaw
Vehumet
Yredelemnul
Zin
The Shining One

Shops:
D:4 :   D:5 *   D:7 (

Annotations:
D:4 Lanoc's ghost, amateur BaAs


Innate Abilities, Weirdness & Mutations

You cannot wear most types of armour.
You are very stealthy in the water. (Stealth+)
You are amphibious.
You can wear up to eight rings at the same time.
You can use your tentacles to constrict eight enemies at once.
Your skin changes colour to match your surroundings (Stealth+).
Your rubbery body absorbs attacks. (AC +1, EV +1)


Message History

Unknown command.
Casting: Conjure Flame
Confirm with . or Enter, or press ? or * to list all spells.
Aiming: Conjure Flame
Press: ? - help, Dir - move target cursor, p - troll You miscast Conjure Flame.
You are very lightly contaminated with residual magic.
Sparks fly from your tentacles! The troll bites you! The troll misses you.
The troll barely misses you.
You barely miss the troll. You squeeze the troll.
The troll is almost dead.
The troll closely misses you. The troll claws you! The troll claws you.
Okay, then.
You feel much better. The troll bites you! The troll claws you!
The troll claws you. The troll bites you!
* * * LOW HITPOINT WARNING * * *
The troll claws you.
* * * LOW HITPOINT WARNING * * *
The troll claws you.
You die...

#####........#
#.########.#
#..........).#
#.)........#
'............#
#.##########
#......#####♣♣♣♣♣♣♣..♣#
#......# #Z♣ ♣.♣.♣♣††.♣
######## ♣.♣♣..♣♣..♣.♣
♣♣.....≈≈..♣..
♣....♣≈≈≈.♣.....
..♣.T@♣≈≈..♣.♣...
##T###.≈♣.♣...♣
TT#.c##≈≈♣...♣. #c# #c#
#≈≈.♣..


TT# #.. #≈♣♣ #.# ### #.♣ #.. ♣. .# You could see 6 trolls, a centaur and a
friendly killer bee zombie.

Vanquished Creatures
  A troll (D:8)
  The ghost of crawlian the Firebug, an amateur DEFE (D:5)
  6 yaks (D:5)
  An acid dragon (D:6)
  A necrophage (D:6)
  A phantom (D:6)
  3 centaurs (D:8)
  3 ogres
  2 big kobolds
  2 bullfrogs (D:6)
  A wyvern skeleton (D:8)
  33 killer bees (D:8)
  9 wights
  2 howler monkeys
  3 crimson imps
  A bullfrog zombie (D:5)
  2 jellies
  A hound (D:8)
  4 orc priests
  4 orc wizards
  4 iguanas
  3 worker ants
  A killer bee zombie (D:5)
  A hound skeleton (D:7)
  8 adders
  A river rat (Sewer)
  A shadow imp (D:4)
  An adder zombie (D:6)
  An adder skeleton (D:5)
  6 worms
  A dart slug (D:1)
  A leopard gecko (D:3)
  25 orcs
  3 giant cockroaches
  8 goblins
  5 hobgoblins
  2 jackals (Sewer)
  4 quokkas
  A ball python (D:5)
  8 bats
  5 frilled lizards
  A goblin zombie (D:7)
  14 kobolds
  3 kobold skeletons (D:7)
  2 orc skeletons (D:7)
  An orc zombie (D:7)
  7 rats
199 creatures vanquished.

Vanquished Creatures (collateral kills)
  An orc warrior (D:8)
  A phantom (D:6)
  A bullfrog (D:6)
  A killer bee (D:8)
  2 wights (D:8)
  A crimson imp (D:8)
  A jelly (D:5)
  An orc (D:6)
  A goblin (D:2)
  4 kobolds (D:6)
14 creatures vanquished.

Vanquished Creatures (others)
  An adder (D:2)
1 creature vanquished.

Grand Total: 214 creatures vanquished

Notes
Turn   | Place    | Note
-------+----------+-------------------------------------------
     0 | D:1      | M4edhros the Octopode Artificer began the quest for the Orb.
     0 | D:1      | Reached XP level 1. HP: 13/13 MP: 3/3
    60 | D:1      | Reached XP level 2. HP: 11/18 MP: 4/4
   180 | D:3      | Reached XP level 3. HP: 3/23 MP: 5/5
   423 | D:4      | Noticed Lanoc's ghost (amateur BaAs)
   436 | D:4      | Found Noilua's Book Shop.
   535 | D:4      | Found a staircase to the Ecumenical Temple.
   544 | Temple   | Entered the Ecumenical Temple
   551 | Temple   | Became a worshipper of Cheibriados the Contemplative
   904 | D:1      | Reached XP level 4. HP: 28/28 MP: 7/7
  1008 | D:2      | Reached * piety under Cheibriados
  1032 | D:2      | Found a radiant altar of Vehumet.
  1163 | D:2      | Reached skill level 1 in Unarmed Combat
  1163 | D:2      | Reached XP level 5. HP: 22/33 MP: 8/8
  1318 | D:3      | Reached ** piety under Cheibriados
  1358 | D:3      | Learned a level 3 spell: Regeneration
  1548 | D:4      | Got an encrusted whip
  1563 | D:4      | Found a blossoming altar of Fedhas.
  1571 | D:4      | Noticed a phantom
  1622 | D:5      | Entered Level 5 of the Dungeon
  1623 | D:5      | Identified the +6 whip "Azxei" {vamp, rElec rPois rC+ Dex-4} (You found it on level 4 of the Dungeon)
  1654 | D:5      | Noticed an ogre
  1658 | D:5      | Reached skill level 1 in Charms
  1658 | D:5      | Reached XP level 6. HP: 30/38 MP: 9/9
  1659 | D:5      | Found an iron altar of Okawaru.
  1662 | D:5      | Reached skill level 1 in Maces & Flails
  1662 | D:5      | Reached skill level 1 in Spellcasting
  1662 | D:5      | Reached skill level 1 in Necromancy
  1670 | D:5      | Learned a level 1 spell: Animate Skeleton
  1672 | D:5      | Noticed crawlian's ghost (amateur DEFE)
  1802 | D:5      | Found Xunopety's Assorted Antiques.
  1805 | D:5      | Bought a golden ring for 95 gold pieces
  1806 | D:5      | Bought a short ivory wand for 76 gold pieces
  1806 | D:5      | Bought a green potion for 17 gold pieces
  1806 | D:5      | Bought 2 purple potions for 34 gold pieces
  1806 | D:5      | Bought a scroll labeled QEGAUT SICAT for 19 gold pieces
  1806 | D:5      | Bought a scroll labeled JAS WIKUUTWA for 19 gold pieces
  1823 | D:5      | Killed crawlian's ghost
  1823 | D:5      | Reached XP level 7. HP: 29/43 MP: 10/10
  1908 | D:5      | Found a glowing drain.
  1923 | Sewer    | Entered a sewer
  1976 | Sewer    | Reached *** piety under Cheibriados
  1999 | Sewer    | Found a glowing silver altar of Zin.
  2105 | D:5      | Noticed a yak
  2106 | D:5      | Noticed a yak
  2106 | D:5      | Noticed a yak
  2106 | D:5      | Noticed a yak
  2159 | D:5      | Noticed a yak
  2164 | D:5      | Noticed a yak
  2168 | D:5      | Killed a yak
  2168 | D:5      | Reached skill level 1 in Invocations
  2168 | D:5      | Killed a yak
  2168 | D:5      | Reached XP level 8. HP: 49/49 MP: 11/11
  2171 | D:5      | Killed a yak
  2173 | D:5      | Killed a yak
  2177 | D:5      | Killed a yak
  2353 | D:6      | Reached XP level 9. HP: 47/56 MP: 12/12
  2362 | D:6      | Reached skill level 5 in Dodging
  2398 | D:6      | Learned a level 3 spell: Mephitic Cloud
  2402 | D:6      | Learned a level 3 spell: Conjure Flame
  2402 | D:6      | Reached **** piety under Cheibriados
  2449 | D:6      | Reached skill level 5 in Maces & Flails
  2457 | D:6      | Reached skill level 5 in Invocations
  2520 | D:6      | Found a stormy altar of Qazlal.
  2653 | D:7      | Found Iqecuif's Antique Weapon Shoppe.
  2716 | D:7      | Found a glowing golden altar of the Shining One.
  2724 | D:7      | Reached ***** piety under Cheibriados
  2849 | D:8      | Found a white marble altar of Elyvilon.
  2926 | D:8      | Found a staircase to the Lair.
  2963 | D:8      | Reached XP level 10. HP: 38/64 MP: 14/14
  2978 | D:8      | Reached skill level 5 in Necromancy
  3020 | D:8      | Found a sparkling altar of Nemelex Xobeh.
  3083 | D:8      | Reached ****** piety under Cheibriados
  3108 | D:8      | Reached skill level 1 in Air Magic
  3108 | D:8      | Reached skill level 1 in Poison Magic
  3110 | D:8      | Reached skill level 1 in Conjurations
  3123 | D:8      | Learned a level 4 spell: Animate Dead
  3172 | D:8      | Slain by a troll

Vault maps used:
D:1:      onia_arrival_mini_spirals
D:2:      fiery_altar_vehumet
D:3:      grunt_temple_overflow_champion_of_chaos
D:4:      nicolae_overflow_crystal_walls, temple_statues, serial_shops,
          shop_coins, first_ration, minivault_25, makhleb_heckhound_becter
D:5:      lemuel_doored_altar, led_sif_book, serial_shops,
          nicolae_shop_behind_doors, cheibrodos_sewer_entry_sluice
D:6:      kennysheep_little_box, cheibrodos_ashenzari_chains
D:7:      nicolae_tso_besieged_by_evil, serial_shops, shop, shop, shop,
          small_statue_intersection, uniq_prince_ribbit1
D:8:      wad_woods_minihive, nemelex_xobeh_ov_fountains_minmay,
          lair_entry_dummy, blue_anna_alchemist, hangedman_decor_riveting,
          elyvilon_altar_3
Temple:   nicolae_temple_no_exploring_needed
Sewer:    sewer_kobolds

Skill      XL: |  1  2  3  4  5  6  7  8  9 10 |
---------------+-------------------------------+-----
Stealth        | 2 3 |  3.8
Evocations     | 4 |  4.4
Dodging        | 3 4 5 6 |  6.3
Unarmed Combat | 1 2 |  2.1
Charms         | 1 2 |  2.5
Maces & Flails | 1 3 4 6 7 |  7.3
Spellcasting   | 1 2 |  2.8
Necromancy     | 2 3 4 5 |  5.1
Invocations    | 1 4 6 7 |  7.0
Fighting       | 3 4 |  4.9
Air Magic      | 1 |  1.6
Poison Magic   | 1 |  1.8
Conjurations   | 1 |  1.5
Short Blades   | |  1.0

Action                   |  1- 3 |  4- 6 |  7- 9 | 10-12 || total
-------------------------+-------+-------+-------+-------++-------
Melee: Short sword       |    48 |    34 |       |       ||    82
       Constrict         |     8 |    29 |    48 |    28 ||   113
       Tentacles         |     5 |    24 |    51 |    32 ||   112
       Punch             |       |     2 |     5 |     2 ||     9
       Dagger            |       |    29 |       |       ||    29
       Whip              |       |    15 |   159 |    95 ||   269
 Cast: Animate Skeleton  |       |     3 |    11 |       ||    14
       Regeneration      |       |       |     2 |       ||     2
       Animate Dead      |       |       |       |     1 ||     1
Evoke: Wand              |    14 |     3 |    13 |     1 ||    31
  Use: Scroll            |       |     4 |       |       ||     4
       Potion            |       |     1 |       |     1 ||     2
 Stab: Sleeping          |     6 |     4 |     4 |       ||    14
       Distracted        |       |       |       |     1 ||     1
  Eat: Ration            |       |     2 |       |       ||     2
       Chunk             |       |     1 |     1 |       ||     2
Armor: Skin              |     3 |     2 |     4 |     2 ||    11
Dodge: Dodged            |    37 |    36 |    88 |    92 ||   253

Table legend:
 A = Spawn XP
 B = Non-spawn XP
 C = Spawn XP percentage of total XP
 D = Spawn monster count
 E = Non-spawn monster count
 F = Spawn count percentage of total count
 G = Total turns spent on level
                    A         B        C        D         E        F      G
               +---------+---------+-------+---------+---------+-------+---------
         Total |       0 |    7488 |   0.0 |       0 |     213 |   0.0 |  3172
               +---------+---------+-------+---------+---------+-------+---------
           D:1 |       0 |      29 |   0.0 |       0 |      19 |   0.0 |   379
           D:2 |       0 |      77 |   0.0 |       0 |      10 |   0.0 |   455
           D:3 |       0 |     117 |   0.0 |       0 |      32 |   0.0 |   424
           D:4 |       0 |      82 |   0.0 |       0 |       7 |   0.0 |   349
           D:5 |       0 |    1677 |   0.0 |       0 |      23 |   0.0 |   605
           D:6 |       0 |    1199 |   0.0 |       0 |      29 |   0.0 |   225
           D:7 |       0 |     292 |   0.0 |       0 |      14 |   0.0 |   211
           D:8 |       0 |    3891 |   0.0 |       0 |      67 |   0.0 |   397
         Sewer |       0 |     124 |   0.0 |       0 |      12 |   0.0 |   112
               +---------+---------+-------+---------+---------+-------+---------
